 Dungeon Crawl Stone Soup version 0.26.1-11-gd32895ea62 (webtiles) character file.

Game seed: 9169099861316784869

340 KamiKatze the Shield-Bearer (level 6, 0/53 HPs)
             Began as a Gnoll Fighter on May 16, 2021.
             Slain by an orc wizard
             ... wielding a +0 dagger
              (1 damage)
             ... on level 4 of the Dungeon.
             The game lasted 00:08:19 (2869 turns).

KamiKatze the Shield-Bearer (Gnoll Fighter)         Turns: 2869, Time: 00:08:20

Health: 0/53       AC:  9    Str: 21    XL:     6   Next: 56%
Magic:  9/9        EV:  9    Int: 10    God:
Gold:   218        SH: 11    Dex: 14    Spells: 9/9 levels left

rFire    . . .     SeeInvis .   a - +0 trident
rCold    . . .     Faith    .   c - +0 kite shield
rNeg     . . .     Spirit   .   b - +0 scale mail
rPois    .         Reflect  .   y - +0 helmet (curse)
rElec    .         Harm     .   (no cloak)
rCorr    .         Rampage  .   (no gloves)
Will     +....                  (no boots)
Stlth    +.........             g - amulet of the acrobat
HPRegen  0.17/turn              i - ring of willpower
MPRegen  0.11/turn              z - ring of wizardry

@: mighty, flying
A: distributed training, fangs 1, strong nose
a: no special abilities


You were on level 4 of the Dungeon.
You visited 1 branch of the dungeon, and saw 4 of its levels.

You collected 218 gold pieces.

Inventory:

Hand Weapons
 a - a +0 trident (weapon)
Missiles
 h - 17 poisoned darts (quivered)
 l - 185 stones
 w - 6 curare-tipped darts
Armour
 b - a +0 scale mail (worn)
 c - a +0 kite shield (worn)
 o - a +0 helmet
 y - a cursed +0 helmet (worn)
Jewellery
 g - an amulet of the acrobat (around neck)
 i - a ring of willpower (left hand)
 z - a ring of wizardry (right hand)
Wands
 s - a wand of disintegration (9)
Scrolls
 e - 2 scrolls of blinking {unknown}
 f - 6 scrolls of identify {unknown}
 k - 2 scrolls of teleportation {unknown}
 t - a scroll of enchant armour {unknown}
 u - a scroll of fog {unknown}
 v - a scroll of enchant weapon {unknown}
 x - a scroll of immolation {unknown}
Potions
 d - 3 potions of might
 m - a potion of flight
 n - a potion of ambrosia {unknown}
 p - a potion of mutation {unknown}
 q - a potion of heal wounds {unknown}
 r - a potion of degeneration {unknown}


   Skills:
 + Level 6.8 Fighting
 + Level 2.0 Short Blades
 + Level 2.0 Long Blades
 + Level 2.0 Axes
 + Level 2.0 Maces & Flails
 + Level 5.0 Polearms
 + Level 2.0 Staves
 + Level 2.0 Slings
 + Level 2.0 Bows
 + Level 2.0 Crossbows
 + Level 2.0 Throwing
 + Level 6.8 Armour
 + Level 2.0 Dodging
 + Level 2.0 Stealth
 + Level 6.8 Shields
 + Level 2.0 Unarmed Combat
 + Level 2.0 Spellcasting
 + Level 1.6 Conjurations
 + Level 1.6 Hexes
 + Level 1.6 Summonings
 + Level 1.6 Necromancy
 + Level 1.6 Translocations
 + Level 1.6 Transmutations
 + Level 1.6 Fire Magic
 + Level 1.6 Ice Magic
 + Level 1.6 Air Magic
 + Level 1.6 Earth Magic
 + Level 1.6 Poison Magic
 + Level 2.2 Invocations
 + Level 2.0 Evocations


You had 9 spell levels left.
You didn't know any spells.
Your spell library was empty.

Dungeon Overview and Level Annotations

Branches:
Dungeon (4/15)             Temple (0/1) D:4

Altars:
Dithmenos
Hepliaklqana
Ru
Sif Muna
Trog
Uskayaw
Vehumet
Yredelemnul


Innate Abilities, Weirdness & Mutations

Your experience applies equally to all skills.
You have very sharp teeth.
Your uncanny sense of smell can sniff out nearby items.


Message History

It was a potion of flight.
You feel very buoyant.
You fly up into the air.
The orc wizard points at you and mumbles some strange words.
The puff of frost hits you!
* * * LOW HITPOINT WARNING * * *
The orc wizard hits you with a +0 dagger.
* * * LOW HITPOINT WARNING * * *
You block something's attack.
An orc comes into view.
The orc wizard casts a spell at you. The puff of frost hits you.
* * * LOW HITPOINT WARNING * * *
You feel better.
The orc wizard gestures at you while chanting.
The puff of flame hits you!
* * * LOW HITPOINT WARNING * * *
Something hits you but does no damage. You block the orc wizard's attack.
The orc wizard hits you with a +0 dagger.
You die...

#....#......# #......
#....#......+ #......
#[...#......#####......
#....#......#...#......
#....#......#...'......
#....#......#...#......
#....'o.....#...#......
#....#{o....#...#......
#....#@o....#...#......
.......#......'...#......
.8.8l8.#......#...#......
..⌠.⌠o.#o.....#...#......
.8.>.8.#......#...#......
{o⌠.⌠.........#####......
........#...#>.....
........#...#......
.......#...#......


You could see 3 orc wizards and an orc.

Vanquished Creatures
  2 jellies (D:3)
  An iguana (D:4)
  Natasha (twice) (D:2)
  Robin (D:2)
  4 gnolls (D:3)
  2 adders (D:2)
  8 oozes (D:3)
  3 worms
  A dart slug (D:1)
  2 leopard geckos
  2 orcs
  A ball python (D:3)
  2 giant cockroaches
  16 goblins
  8 hobgoblins
  8 jackals
  12 kobolds
  2 quokkas (D:2)
  5 bats
  A frilled lizard (D:3)
  A quokka skeleton (D:2)
  12 rats
96 creatures vanquished.

Vanquished Creatures (others)
  6 fungi (D:3)
  6 toadstools (D:3)
  4 withered plants (D:2)
16 creatures vanquished.

Grand Total: 112 creatures vanquished

Notes
Turn   | Place    | Note
-------+----------+-------------------------------------------
     0 | D:1      | KamiKatze the Gnoll Fighter began the quest for the Orb.
     0 | D:1      | Reached XP level 1. HP: 23/23 MP: 1/1
   166 | D:1      | Reached XP level 2. HP: 29/29 MP: 2/2
   602 | D:2      | Reached XP level 3. HP: 35/35 MP: 3/3
   628 | D:2      | Reached skill level 1 in Invocations
   638 | D:2      | Reached skill level 1 in Short Blades
   638 | D:2      | Reached skill level 1 in Long Blades
   638 | D:2      | Reached skill level 1 in Axes
   638 | D:2      | Reached skill level 1 in Maces & Flails
   638 | D:2      | Reached skill level 1 in Staves
   638 | D:2      | Reached skill level 1 in Slings
   638 | D:2      | Reached skill level 1 in Bows
   638 | D:2      | Reached skill level 1 in Crossbows
   638 | D:2      | Reached skill level 1 in Throwing
   638 | D:2      | Reached skill level 1 in Dodging
   638 | D:2      | Reached skill level 1 in Stealth
   638 | D:2      | Reached skill level 1 in Unarmed Combat
   638 | D:2      | Reached skill level 1 in Spellcasting
   638 | D:2      | Reached skill level 1 in Evocations
   673 | D:2      | Noticed Robin
   730 | D:2      | Killed Robin
   731 | D:2      | Reached XP level 4. HP: 40/41 MP: 5/5
   923 | D:2      | Found a basalt altar of Yredelemnul.
  1001 | D:2      | Found a hide-covered altar of Uskayaw.
  1015 | D:2      | Found a shadowy altar of Dithmenos.
  1018 | D:2      | Found a shimmering blue altar of Sif Muna.
  1023 | D:2      | Found a sacrificial altar of Ru.
  1128 | D:2      | Noticed a moth of wrath
  1131 | D:2      | Found a bloodstained altar of Trog.
  1154 | D:2      | Reached skill level 1 in Conjurations
  1154 | D:2      | Reached skill level 1 in Hexes
  1154 | D:2      | Reached skill level 1 in Summonings
  1154 | D:2      | Reached skill level 1 in Necromancy
  1154 | D:2      | Reached skill level 1 in Translocations
  1154 | D:2      | Reached skill level 1 in Transmutations
  1154 | D:2      | Reached skill level 1 in Fire Magic
  1154 | D:2      | Reached skill level 1 in Ice Magic
  1154 | D:2      | Reached skill level 1 in Air Magic
  1154 | D:2      | Reached skill level 1 in Earth Magic
  1154 | D:2      | Reached skill level 1 in Poison Magic
  1250 | D:2      | Noticed Natasha
  1261 | D:2      | Killed Natasha
  1262 | D:2      | Reached XP level 5. HP: 32/47 MP: 6/6
  1396 | D:2      | Found a hazy altar of Hepliaklqana.
  1603 | D:2      | Noticed Natasha
  1609 | D:2      | Killed Natasha
  1814 | D:3      | Found a radiant altar of Vehumet.
  2498 | D:3      | Reached XP level 6. HP: 39/53 MP: 8/8
  2518 | D:3      | Reached skill level 5 in Polearms
  2849 | D:4      | Found a staircase to the Ecumenical Temple.
  2869 | D:4      | HP: 1/53 [orc wizard/puff of flame (8)]
  2869 | D:4      | Slain by an orc wizard

Illustrated notes

Levels and vault maps discovered:
D:1:      lemuel_arrival_muddy, layout_basic
D:2:      minmay_wonky_spiral, layout_basic, tgw_trog,
          grunt_temple_overflow_cloverleaf, yredelemnul_altar_generic,
          lemuel_tele_altar, uniq_robin, uniq_natasha
D:3:      cheibrodos_fertilizer, layout_loops_ring, vehumet_crystals
D:4:      layout_gridville, minmay_temple_entry_statues_fountains

Skill      XL: |  1  2  3  4  5  6 |
---------------+-------------------+-----
Invocations    | 1 2 |  2.2
Short Blades   | 1 2 |  2.0
Long Blades    | 1 2 |  2.0
Axes           | 1 2 |  2.0
Maces & Flails | 1 2 |  2.0
Staves         | 1 2 |  2.0
Slings         | 1 2 |  2.0
Bows           | 1 2 |  2.0
Crossbows      | 1 2 |  2.0
Throwing       | 1 2 |  2.0
Dodging        | 1 2 |  2.0
Stealth        | 1 2 |  2.0
Unarmed Combat | 1 2 |  2.0
Spellcasting   | 1 2 |  2.0
Evocations     | 1 2 |  2.0
Conjurations   | 1 |  1.6
Hexes          | 1 |  1.6
Summonings     | 1 |  1.6
Necromancy     | 1 |  1.6
Translocations | 1 |  1.6
Transmutations | 1 |  1.6
Fire Magic     | 1 |  1.6
Ice Magic      | 1 |  1.6
Air Magic      | 1 |  1.6
Earth Magic    | 1 |  1.6
Poison Magic   | 1 |  1.6
Polearms       | 5 |  5.0
Fighting       | |  6.8
Armour         | |  6.8
Shields        | |  6.8

Action                   |  1- 3 |  4- 6 || total
-------------------------+-------+-------++-------
Melee: Trident           |    92 |   204 ||   296
       Bite              |    12 |    22 ||    34
  Use: Potion            |       |     4 ||     4
Armor: Scale mail        |    24 |    52 ||    76
Dodge: Dodged            |    11 |    75 ||    86
Block: Kite shield       |    40 |   107 ||   147
